 Dungeon Crawl Stone Soup version 0.22-a0-608-g8a62e23 (webtiles) character file.

236 Lianjan the Poker (level 6, -1/62 HPs)
             Began as an Ogre Fighter on July 9, 2018.
             Killed from afar by an orc wizard (5 damage)
             ... with a magic dart
             ... on level 3 of the Dungeon.
             The game lasted 00:03:17 (2927 turns).

Lianjan the Poker (Ogre Fighter)                    Turns: 2927, Time: 00:03:17

Health: -1/62      AC:  3    Str: 21    XL:     6   Next: 6%
Magic:  6/6        EV:  8    Int:  9    God:
Gold:   81         SH:  9    Dex: 10    Spells: 5/5 levels left

rFire    . . .     SeeInvis .   a - +0 trident
rCold    . . .     Gourm    .   c - +0 shield
rNeg     . . .     Faith    .   b - +0 robe
rPois    .         Spirit   .   (helmet restricted)
rElec    .         Reflect  .   (no cloak)
rCorr    .         Harm     .   (gloves unavailable)
MR       .....                  (boots unavailable)
Stlth    +.........             (no amulet)
HPRegen  0.20/turn              (no ring)
MPRegen  0.10/turn              (no ring)

@: no status effects
A: large, unfitting armour, tough skin 1
a: no special abilities


You were on level 3 of the Dungeon.
You were not hungry.

You visited 1 branch of the dungeon, and saw 3 of its levels.

You collected 81 gold pieces.

Inventory:

Hand Weapons
 a - a +0 trident (weapon)
Armour
 b - a +0 robe (worn)
 c - a +0 shield (worn)
Jewellery
 e - an uncursed ring of fire {unknown}
Wands
 q - a wand of clouds (5)
Scrolls
 g - a scroll of fear {unknown}
 h - a scroll of enchant armour {unknown}
 j - 5 scrolls of identify {unknown}
 k - 2 scrolls of immolation {unknown}
 l - 3 scrolls of remove curse {unknown}
 m - a scroll of teleportation {unknown}
 r - a scroll of random uselessness {unknown}
Potions
 d - a potion of berserk rage {unknown}
 i - 3 potions of curing
 n - a potion of resistance
 o - a potion of agility
Comestibles
 f - 2 rations
 p - 2 chunks of flesh


   Skills:
 - Level 4.0 Fighting
 * Level 5.1 Polearms
 - Level 2.6 Dodging
 + Level 4.0 Shields


You had 5 spell levels left.
You didn't know any spells.
Your spell library was empty.

Dungeon Overview and Level Annotations

Branches:
Dungeon (3/15)

Altars:
The Shining One


Innate Abilities, Weirdness & Mutations

You are too large for most types of armour.
You have tough skin. (AC +1)


Message History

* * * LOW HITPOINT WARNING * * *
You hit something.
Your shield prevents you from hitting something.
Something hits you.
* * * LOW HITPOINT WARNING * * *
Something hits you but does no damage.
You puncture something! Something hits you.
* * * LOW HITPOINT WARNING * * *
Something hits you but does no damage.
You miss something.
You hear some strange, mumbled words.
A magic dart appears from out of thin air!
The magic dart hits you!
* * * LOW HITPOINT WARNING * * *
You miss something.
Something hits you but does no damage. x2
You miss something.
You hear some strange, mumbled words.
A magic dart appears from out of thin air!
The magic dart hits you!
You die...

#.# #.# #.#
###.#####
#.......#
#.......######
#............#
#.......####.#
#.......# #@#
#.......# #{#
#.......# #o#
######### #.#
#.# #.. ###


You could see an orc.

Vanquished Creatures
  A centaur (D:3)
  An orc priest (D:3)
  An orc wizard (D:3)
  2 adders
  2 dart slugs (D:3)
  2 leopard geckos
  9 orcs (D:3)
  2 ball pythons
  3 giant cockroaches
  6 goblins
  6 hobgoblins
  6 jackals
  2 quokkas (D:3)
  7 bats
  3 frilled lizards
  9 kobolds
  5 rats
67 creatures vanquished.

Notes
Turn   | Place    | Note
-------+----------+-------------------------------------------
     0 | D:1      | Lianjan the Ogre Fighter began the quest for the Orb.
     0 | D:1      | Reached XP level 1. HP: 24/24 MP: 1/1
    99 | D:1      | Reached XP level 2. HP: 28/32 MP: 2/2
   784 | D:1      | Reached skill level 3 in Polearms
   843 | D:2      | Reached XP level 3. HP: 26/39 MP: 3/3
  1323 | D:2      | Found a glowing golden altar of the Shining One.
  1777 | D:3      | Reached XP level 4. HP: 29/48 MP: 4/4
  2298 | D:3      | Noticed a centaur
  2311 | D:3      | Killed a centaur
  2311 | D:3      | Reached skill level 4 in Polearms
  2311 | D:3      | Reached XP level 5. HP: 12/54 MP: 5/5
  2611 | D:3      | Reached skill level 5 in Polearms
  2611 | D:3      | Reached XP level 6. HP: 18/62 MP: 6/6
  2927 | D:3      | Killed from afar by an orc wizard

Vault maps used:
D:1:      dpeg_arrival_more_subterranean_lakeside_camping
D:2:      nicolae_tso_swordbearing_angel
D:3:      minmay_ruptured

Skill      XL: |  1  2  3  4  5 |
---------------+----------------+-----
Shields        | 3 4 |  4.0
Polearms       | 3 4 5 |  5.1
Fighting       | |  4.0
Dodging        | |  2.6

Action                   |  1- 3 |  4- 6 || total
-------------------------+-------+-------++-------
Melee: Trident           |   184 |   132 ||   316
  Use: Potion            |       |     6 ||     6
  Eat: Chunk             |     3 |     4 ||     7
Armor: Robe              |    53 |    21 ||    74
Dodge: Dodged            |    62 |    45 ||   107
Block: Shield            |    83 |    68 ||   151

Table legend:
 A = Spawn XP
 B = Non-spawn XP
 C = Spawn XP percentage of total XP
 D = Spawn monster count
 E = Non-spawn monster count
 F = Spawn count percentage of total count
 G = Total turns spent on level
                    A         B        C        D         E        F      G
               +---------+---------+-------+---------+---------+-------+---------
         Total |       0 |     338 |   0.0 |       0 |      67 |   0.0 |  2927
               +---------+---------+-------+---------+---------+-------+---------
           D:1 |       0 |      32 |   0.0 |       0 |      19 |   0.0 |   835
           D:2 |       0 |      34 |   0.0 |       0 |      14 |   0.0 |   814
           D:3 |       0 |     272 |   0.0 |       0 |      34 |   0.0 |  1278
               +---------+---------+-------+---------+---------+-------+---------
